Map: Fields of Death

Players

Hindulaatti

  • Race: Zerg Zerg
  • League: Diamond

JohnMcClane

  • Race: Protoss Protoss
  • League: Gold

Dared - Winner!

  • Race: Zerg Zerg

Incognition - Winner!

  • Race: Protoss Protoss

VOD

Have the link to the VOD?

Description

Time

  • Played on: Feb. 10, 2016, 12:37 p.m.
  • Length: 14:34
Show
View Real Time Build Order
Export as new Build Order

Hindulaatti Zerg 

Build Orders: 3 Hatch before Pool 

Get SALT Encoding   

  12  0:01  Drone  
  13  0:10  Drone  
  14  0:37  Hatchery  
  14  0:40  Drone  
  14  0:48  Overlord  
  14  1:11  Hatchery  
  14  1:16  Drone  
  14  1:17  Drone  
  15  1:33  Spawning Pool  
  15  1:40  Drone  
  15  1:47  Drone x2, Extractor  
  15  1:51  Drone  
  17  2:01  Drone x2  
  19  2:04  Drone  
  20  2:15  Drone x2  
  22  2:20  Queen  
  24  2:28  Queen  
  26  2:37  Queen  
  26  2:41  Drone  
  29  2:46  Overlord  
  29  2:52  Drone x2  
  29  2:56  Drone  
  29  2:57  Drone  
  33  3:04  Zergling x4  
  35  3:08  Zergling x4  
  37  3:17  Zergling x6  
  40  3:20  Metabolic Boost  
  40  3:34  Zergling x4  
  41  3:40  Baneling Nest  
  38  3:43  Zergling x6  
  38  3:44  Overlord  
  41  3:49  Spine Crawler  
  40  4:07  Zergling x2  
  40  4:08  Zergling x16  
  49  4:26  Baneling x5  
  39  4:35  Zergling x2  
  39  4:36  Zergling x16  
  36  4:57  Queen  
  36  4:58  Queen  
  38  5:10  Overlord  
  38  5:11  Zergling x2  
  38  5:12  Zergling x4  
  41  5:27  Zergling x2  
  41  5:28  Zergling x6  
  42  5:29  Zergling x2  
  42  5:32  Overlord  
  42  5:34  Zergling x2  
  40  5:43  Baneling x2  
  40  5:44  Baneling  
  40  5:47  Baneling  
  40  5:48  Baneling x3  
  40  5:52  Drone x2  
  41  6:16  Zergling x2  
  41  6:17  Zergling x16  
  42  6:32  Lair  
  42  6:33  Overlord  
  42  6:35  Zergling x2  
  42  6:36  Zergling x2  
  44  6:46  Zergling x6  
  44  6:47  Zergling x2  
  43  7:00  Zergling x2  
  43  7:01  Zergling x8  
  42  7:11  Zergling x8  
  42  7:14  Baneling x3  
  45  7:15  Baneling  
  45  7:17  Baneling  
  45  7:24  Drone x2  
  45  7:25  Drone  
  45  7:31  Zergling x2  
  45  7:32  Zergling x12  
  46  8:01  Zergling x22  
  54  8:10  Zergling x8  
  54  8:11  Zergling x4  
  55  8:22  Evolution Chamber  
  55  8:23  Evolution Chamber  
  55  8:24  Spire  
  46  8:29  Drone, Extractor  
  46  8:30  Drone  
  46  8:31  Extractor  
  46  8:50  Drone x5  
  46  8:51  Drone  
  51  8:57  Baneling x2  
  51  8:58  Baneling x5  
  51  9:06  Drone x3  
  54  9:13  Drone x2  
  55  9:35  Zergling x2  
  55  9:36  Zergling x18  
  61  9:48  Zergling x10  
  60  10:04  Zergling x2  
  60  10:05  Zergling x12  
  60  10:07  Overlord  
  57  10:31  Zergling x8  
  57  10:32  Zergling x16  
  53  10:40  Zergling x8  
  57  10:44  Zerg Melee Weapons Level 1  
  57  10:52  Zergling x8  
  58  11:02  Zergling x8  
  58  11:03  Zergling x2  
  51  11:13  Zergling x10  
  54  11:21  Zergling x2  
  54  11:22  Zergling x4  
  55  11:26  Drone x3  
  55  11:29  Zergling x2  
  59  11:40  Zergling x12  
  58  12:02  Zergling x22  
  57  12:16  Zergling x2  
  57  12:17  Zergling x6  
  60  12:24  Zergling x14  
  58  12:31  Zergling x8  
  58  12:36  Zergling x4  
  61  12:44  Zergling x4  
  63  12:55  Zergling x2  
  63  12:56  Zergling x6  
  67  12:58  Baneling  
  67  12:59  Baneling x3  
  67  13:04  Zergling x4  
  69  13:08  Zergling x2  
  69  13:09  Zergling x2  
  69  13:10  Zergling x4  
  69  13:11  Overlord  
  69  13:12  Overlord  
  60  13:45  Zergling x16  
  60  13:46  Zergling x18  
  77  13:50  Baneling  
  77  13:51  Baneling x12  
  77  13:52  Baneling  
  77  13:53  Baneling x2  
  77  13:56  Zergling x2  
  78  14:07  Zergling x2  
  78  14:08  Zergling x12  
Show
View Real Time Build Order
Export as new Build Order

JohnMcClane Protoss 

Build Orders: 1 Gate Expand 

Get SALT Encoding   

  12  0:01  Probe (Chrono Boost)  
  13  0:11  Probe (Chrono Boost)  
  14  0:17  Pylon  
  14  0:26  Probe (Chrono Boost)  
  15  0:37  Gateway  
  15  0:38  Probe (Chrono Boost)  
  16  0:51  Assimilator  
  16  0:53  Probe (Chrono Boost)  
  17  1:06  Probe (Chrono Boost)  
  18  1:16  Probe (Chrono Boost)  
  19  1:26  Nexus  
  19  1:33  Cybernetics Core  
  20  1:40  Probe (Chrono Boost)  
  20  1:45  Assimilator  
  20  1:51  Probe (Chrono Boost)  
  21  2:09  Probe (Chrono Boost)  
  21  2:10  Pylon  
  21  2:11  Warp Gate (Chrono Boost)  
  22  2:28  Mothership Core  
  24  2:39  Probe  
  24  2:40  Gateway x2  
  25  2:49  Probe  
  25  2:50  Probe  
  27  3:00  Zealot  
  27  3:02  Probe  
  30  3:16  Probe  
  30  3:19  Stargate  
  31  3:22  Pylon  
  27  3:57  Probe  
  27  3:59  Probe  
  29  4:06  Void Ray (Chrono Boost)  
  33  4:10  Zealot x3  
  39  4:28  Protoss Air Armor Level 1  
  39  4:41  Probe, Stalker x2  
  39  4:42  Probe  
  45  4:52  Probe  
  45  4:55  Probe  
  45  4:56  Zealot  
  49  5:03  Probe  
  51  5:07  Probe  
  51  5:13  Zealot  
  51  5:19  Probe  
  41  5:21  Zealot x2  
  41  5:24  Void Ray (Chrono Boost)  
  47  5:29  Probe  
  47  5:30  Pylon  
  47  5:31  Probe  
  47  5:32  Pylon  
  49  5:40  Probe  
  50  5:43  Probe  
  50  5:48  Forge  
  51  5:50  Pylon, Probe  
  52  5:59  Void Ray (Chrono Boost)  
  56  6:13  Probe  
  56  6:14  Probe  
  58  6:18  Assimilator  
  58  6:22  Protoss Ground Weapons Level 1 (Chrono Boost)  
  58  6:25  Probe  
  59  6:26  Probe  
  60  6:35  Stalker x2  
  60  6:38  Probe  
  65  6:52  Probe  
  65  6:53  Probe  
  67  6:59  Photon Cannon x2  
  67  7:05  Phoenix, Probe x2  
  71  7:14  Zealot  
  71  7:15  Zealot x2  
  77  7:17  Probe  
  77  7:21  Pylon  
  78  7:36  Probe  
  59  8:01  Stalker x3  
  61  8:17  Probe x2  
  51  8:22  Assimilator, Protoss Ground Armor Level 1 (Chrono Boost)  
  51  8:28  Phoenix  
  53  8:37  Stargate  
  53  8:41  Nexus  
  53  8:43  Pylon  
  53  8:44  Pylon  
  53  8:47  Assimilator  
  55  8:48  Mothership Core  
  55  8:50  Stalker x2, Zealot  
  61  9:08  Photon Cannon  
  61  9:11  Gateway  
  61  9:12  Photon Cannon  
  61  9:13  Gateway  
  61  9:16  Gateway  
  61  9:30  Phoenix  
  61  9:33  Phoenix  
  61  9:35  Zealot x2  
  67  10:02  Stalker  
  67  10:03  Zealot  
  71  10:13  Twilight Council  
  71  10:19  Zealot x3  
  71  10:20  Zealot  
  61  10:33  Void Ray  
  59  10:38  Void Ray  
  59  10:41  Zealot x3  
  63  10:50  Charge (Chrono Boost)  
  59  10:57  Zealot x3  
  61  11:17  Zealot x2  
  57  11:30  Probe x2  
  59  11:53  Sentry x4  
  63  11:59  Templar Archives  
  53  12:16  Zealot x4  
  50  12:29  Dark Shrine  
  47  12:33  Assimilator  
  46  12:40  High Templar x4  
  53  12:44  Archon x2  
  51  12:58  Gateway  
  51  13:00  Gateway  
  51  13:02  Pylon  
  51  13:12  Zealot x2  
  53  13:13  Zealot  
  47  13:41  Dark Templar x3  
  20  13:50  Probe x2  
  20  14:02  Probe x2  
  17  14:14  Probe (Chrono Boost), Dark Templar x3  
  17  14:15  Probe (Chrono Boost)  
Show
View Real Time Build Order
Export as new Build Order

Dared Zerg - Winner!

Build Orders: Hatch First 

Get SALT Encoding   

  12  0:01  Drone  
  13  0:12  Overlord  
  13  0:17  Drone  
  14  0:31  Drone x2  
  14  0:34  Drone  
  17  0:45  Drone  
  18  0:58  Hatchery  
  18  1:01  Drone  
  18  1:09  Extractor  
  17  1:15  Spawning Pool  
  16  1:19  Drone  
  16  1:22  Drone  
  18  1:29  Drone  
  19  1:39  Drone  
  20  1:51  Overlord  
  20  2:01  Queen  
  22  2:09  Metabolic Boost  
  22  2:11  Queen  
  24  2:18  Zergling x6  
  24  2:22  Zergling x4  
  29  2:32  Zergling x2  
  29  2:34  Zergling x2  
  31  2:43  Zergling x4  
  33  2:53  Zergling x2  
  33  2:54  Zergling x2  
  35  3:08  Zergling x2  
  35  3:10  Overlord  
  36  3:32  Zergling x8  
  36  3:33  Zergling x4  
  39  3:41  Zergling x8  
  41  3:50  Zergling x2  
  41  3:51  Zergling x2  
  43  3:57  Zergling x2  
  43  4:02  Overlord x2  
  43  4:08  Zergling x2  
  44  4:20  Zergling x6  
  47  4:25  Zergling x2  
  47  4:26  Zergling x10, Overlord  
  47  4:30  Zergling x2  
  50  4:38  Zergling x2  
  48  4:45  Zergling x2  
  45  4:56  Zergling x4  
  44  5:04  Zergling x4  
  39  5:16  Drone, Zergling x2  
  39  5:17  Zergling x6  
  40  5:27  Zergling x6  
  40  5:28  Zergling x2  
  37  5:33  Zergling x4  
  36  5:43  Drone  
  36  5:45  Drone  
  36  5:47  Drone x3  
  36  5:48  Drone  
  42  5:52  Drone x2  
  42  5:55  Hatchery  
  42  5:56  Drone  
  44  5:58  Drone  
  45  6:05  Baneling Nest  
  43  6:13  Drone x2  
  43  6:14  Drone x2  
  43  6:18  Drone x2  
  46  6:33  Drone x5  
  46  6:34  Drone  
  46  6:39  Extractor  
  51  6:40  Lair  
  51  6:46  Extractor  
  50  6:48  Drone x4  
  47  7:09  Zergling x4  
  47  7:10  Zergling x8  
  47  7:13  Zergling x6  
  56  7:16  Queen  
  56  7:17  Zergling x8  
  56  7:21  Zergling x2  
  63  7:25  Zergling x4  
  63  7:26  Spore Crawler  
  52  7:44  Zergling x6  
  52  7:45  Zergling x2  
  52  7:48  Zergling x6  
  51  7:53  Zergling x8  
  51  7:58  Zergling x4  
  50  8:01  Zergling x2  
  50  8:04  Queen  
  50  8:05  Queen  
  50  8:06  Zergling x4  
  50  8:09  Zergling x4  
  55  8:18  Zergling x6  
  55  8:21  Zergling x2  
  55  8:24  Overlord  
  54  8:30  Overlord  
  54  8:44  Baneling  
  54  8:45  Baneling x7  
  54  8:54  Drone x3  
  57  9:05  Overlord x3  
  57  9:13  Centrifical Hooks  
  57  9:18  Evolution Chamber  
  57  9:19  Evolution Chamber  
  57  9:22  Overlord  
  53  9:41  Drone x7  
  57  9:46  Drone x2  
  57  9:47  Drone x2  
  57  9:49  Drone x2  
  60  9:55  Drone x3  
  60  9:58  Drone  
  64  10:03  Drone  
  65  10:10  Drone x6  
  67  10:31  Drone x7  
  67  10:32  Drone x5  
  67  10:35  Extractor  
  76  10:37  Extractor  
  76  10:40  Extractor  
  76  10:41  Zerg Ground Armor Level 1, Zerg Melee Weapons Level 1  
  74  10:44  Zergling x6  
  74  10:46  Infestation Pit  
  76  10:51  Zergling x6  
  79  11:04  Zergling x4  
  81  11:05  Overlord x4  
  81  11:22  Overlord x2  
  81  11:23  Overlord  
  81  11:26  Zergling x4, Hive  
  81  11:27  Zergling x8  
  81  11:30  Hatchery  
  86  11:33  Zergling x6  
  86  11:34  Zergling x2  
  86  11:39  Zergling x6  
  92  11:42  Baneling x4  
  92  11:44  Zergling x2  
  92  11:46  Zergling x4, Extractor  
  93  11:50  Extractor  
  91  12:00  Zergling x8  
  94  12:03  Zergling x14  
  99  12:20  Zergling x2  
  99  12:21  Zergling x12  
  104  12:28  Zergling x4  
  106  12:37  Ultralisk Cavern  
  106  12:39  Adrenal Glands  
  105  13:08  Baneling  
  105  13:09  Baneling x20  
  105  13:10  Baneling x26  
  105  13:11  Baneling  
  99  13:54  Ultralisk x5  
Show
View Real Time Build Order
Export as new Build Order

Incognition Protoss - Winner!

Build Orders: 1 Gate Expand, Blink Stalkers 

Get SALT Encoding   

  12  0:01  Probe (Chrono Boost)  
  13  0:12  Probe (Chrono Boost)  
  14  0:19  Pylon  
  14  0:25  Probe (Chrono Boost)  
  15  0:37  Probe (Chrono Boost)  
  15  0:38  Gateway  
  16  0:47  Probe (Chrono Boost)  
  16  0:48  Assimilator  
  17  0:58  Probe (Chrono Boost)  
  18  1:08  Probe (Chrono Boost)  
  19  1:24  Nexus  
  19  1:30  Probe (Chrono Boost)  
  20  1:38  Cybernetics Core  
  20  1:47  Probe (Chrono Boost)  
  20  1:51  Assimilator  
  21  1:58  Probe (Chrono Boost)  
  22  2:02  Pylon  
  23  2:08  Probe (Chrono Boost)  
  23  2:20  Stalker  
  23  2:21  Mothership Core (Chrono Boost)  
  27  2:22  Warp Gate  
  27  2:39  Probe (Chrono Boost)  
  27  2:40  Probe (Chrono Boost)  
  29  2:50  Probe x2 (Chrono Boost)  
  31  2:53  Twilight Council  
  31  3:01  Stalker  
  33  3:07  Pylon  
  33  3:09  Probe x2 (Chrono Boost)  
  35  3:19  Probe (Chrono Boost)  
  36  3:29  Gateway  
  36  3:32  Gateway  
  36  3:34  Blink (Chrono Boost)  
  36  3:35  Probe  
  37  3:44  Probe  
  37  3:46  Pylon  
  37  3:47  Probe  
  39  3:55  Probe  
  39  3:59  Probe  
  41  4:06  Probe  
  42  4:11  Probe  
  42  4:16  Probe  
  43  4:23  Assimilator, Probe  
  45  4:27  Probe  
  45  4:28  Stalker x2  
  45  4:29  Stalker  
  45  4:31  Pylon  
  52  4:34  Pylon  
  52  4:36  Probe  
  53  4:40  Assimilator  
  53  4:43  Probe  
  54  4:48  Probe  
  55  4:55  Gateway x2  
  55  4:57  Gateway  
  55  5:00  Gateway  
  53  5:33  Stalker  
  53  5:34  Stalker x2  
  53  5:38  Probe  
  53  5:39  Probe  
  53  5:42  Forge x2  
  53  5:47  Nexus  
  53  5:59  Pylon x2, Stalker x4  
  61  6:19  Protoss Ground Weapons Level 1 (Chrono Boost)  
  61  6:20  Protoss Ground Armor Level 1 (Chrono Boost)  
  61  6:21  Stalker x2  
  61  6:22  Stalker  
  57  7:12  Stalker x2  
  57  7:13  Stalker x3  
  57  7:14  Stalker x2  
  71  7:18  Probe  
  71  7:19  Probe  
  71  7:20  Probe  
  68  7:31  Probe  
  68  7:32  Pylon, Probe  
  68  7:34  Pylon  
  64  7:38  Stalker x3  
  64  7:39  Stalker x4  
  60  8:03  Stalker x2  
  60  8:04  Stalker x3  
  60  8:05  Stalker  
  66  8:16  Stalker  
  66  8:22  Probe  
  66  8:24  Probe x2  
  69  8:31  Stalker x3  
  69  8:32  Stalker x3  
  81  8:36  Probe x3  
  81  8:37  Protoss Ground Weapons Level 2 (Chrono Boost), Protoss Ground Armor Level 2 (Chrono Boost)  
  81  8:40  Assimilator  
  84  8:48  Probe  
  85  8:59  Robotics Facility  
  85  9:02  Robotics Facility  
  85  9:03  Pylon  
  85  9:12  Assimilator  
  85  9:14  Pylon  
  85  9:15  Pylon, Probe  
  86  9:17  Probe x2  
  86  9:20  Stalker x4  
  96  10:07  Stalker x2  
  96  10:08  Stalker x2  
  96  10:09  Immortal x2  
  104  10:49  Observer  
  101  11:11  Stalker x4  
  99  11:12  Stalker x2  
  103  11:24  Protoss Ground Weapons Level 3 (Chrono Boost)  
  103  11:25  Protoss Ground Armor Level 3 (Chrono Boost), Probe  
  103  11:27  Probe x2  
  106  11:39  Probe  
  107  11:40  Immortal x2  
  107  11:42  Robotics Bay  
  115  11:52  Nexus  
  115  11:54  Pylon  
  115  11:55  Pylon  
  115  11:57  Pylon  
  115  12:00  Assimilator  
  115  12:04  Assimilator  
  115  12:05  Pylon  
  109  12:22  Stalker x3  
  111  12:23  Stalker x4  
  121  12:50  Disruptor x2  
  127  12:52  Gateway  
  127  12:53  Gateway  
  127  12:54  Gateway  
  127  12:56  Gateway  
  127  12:58  Gateway  
  119  13:33  Stalker x2  
  119  13:34  Stalker x5  
  131  13:48  Observer x2  
  125  14:07  Probe  
  125  14:08  Probe x2  
  132  14:22  Templar Archives  
Tags
 
Add a new tag
Caveats
  • Supply blocks, unpowered buildings, or Contaminate may cause inaccurate times.
  • Supply counts are checked every 10 seconds.